 Dungeon Crawl Stone Soup version 0.28.0-53-g5a82cb258f (webtiles) character file.

Game seed: 317439207064989632

429 safid the Cleaver (level 6, -2/52 HPs)
             Began as a Hill Orc Fighter on Aug 21, 2022.
             Slain by a lemure (6 damage)
             ... led by Pikel
             ... on level 4 of the Dungeon.
             The game lasted 00:05:03 (3758 turns).

safid the Cleaver (Hill Orc Fighter)                Turns: 3758, Time: 00:05:04

Health: -2/52      AC:  7    Str: 21    XL:     6   Next: 98%
Magic:  6/6        EV:  9    Int:  8    God:
Gold:   86         SH:  4    Dex: 10    Spells: 5/5 levels left

rFire   . . .      SeeInvis .   a - +0 war axe
rCold   . . .      Faith    .   c - +0 buckler
rNeg    . . .      Spirit   .   b - +0 scale mail
rPois   .          Reflect  .   (no helmet)
rElec   .          Harm     .   (no cloak)
rCorr   .          Rampage  .   (no gloves)
Will    .....                   (no boots)
Stlth   ..........              (no amulet)
HPRegen 0.17/turn               (no ring)
MPRegen 0.10/turn               (no ring)

@: no status effects
A: no striking features
a: no special abilities


You were on level 4 of the Dungeon.
You visited 1 branch of the dungeon, and saw 4 of its levels.

You collected 212 gold pieces.
You spent 126 gold pieces at shops.

Inventory:

Hand Weapons
 a - a +0 war axe (weapon)
Missiles
 j - 4 curare-tipped darts (quivered)
 o - 5 javelins
Armour
 b - a +0 scale mail (worn)
 c - a +0 buckler (worn)
Scrolls
 e - a scroll of blinking {unknown}
 g - 2 scrolls of immolation {unknown}
 i - a scroll of magic mapping {unknown}
 m - a scroll of torment {unknown}
 n - a scroll of enchant armour {unknown}
 p - 5 scrolls of identify
 q - a scroll of noise
Potions
 d - a potion of might
 f - a potion of brilliance {unknown}
 h - 3 potions of mutation {unknown}
 k - 2 potions of curing {unknown}
 l - a potion of attraction {unknown}
 r - a potion of degeneration {unknown}
 s - a potion of flight {unknown}


   Skills:
 - Level 4.0 Fighting
 + Level 8.5 Axes
 - Level 4.0 Armour
 - Level 4.0 Shields


You had 5 spell levels left.
You didn't know any spells.
Your spell library contained the following spells:

 Spells                   Type           Power      Damage    Failure   Level
 Beastly Appendage        Tmut           0%         N/A       83%         1
 Wereblood                Tmut           0%         N/A       92%         2
 Confusing Touch          Hex            0%         N/A       99%         3
 Spider Form              Tmut/Pois      0%         N/A       99%         3
 Summon Guardian Golem    Hex/Summ       0%         N/A       99%         3
 Iskenderun's Battlesphe  Conj           0%         2d6       100%        5
 Yara's Violent Unravell  Hex/Tmut       0%         3d3       100%        5
 Iron Shot                Conj/Erth      0%         9d1       100%        6
 Spellforged Servitor     Conj/Summ      0%         N/A       100%        7
 Polar Vortex             Ice            0%         N/A       100%        9


Dungeon Overview and Level Annotations

Branches:
Dungeon (4/15)
 Temple: D:4-7

Altars:
Qazlal

Shops:
D:3 ?


Message History

You closely miss the necrophage.
The necrophage is moderately damaged.
You barely miss the lemure. x2; You block the lemure's attack.
The necrophage hits you. The lemure barely misses you. x2
The lemure hits you. The necrophage hits you.
You feel drained.
You hit the necrophage.
The necrophage is heavily damaged.
You closely miss the lemure. You barely miss the lemure. The lemure hits you.
You block the lemure's attack. The necrophage hits you.
You slash the necrophage!
The necrophage is severely damaged.
You hit the lemure. x2; The lemure hits you.
The necrophage hits you but does no damage.
The lemure hits you.
You hit the necrophage.
You destroy the necrophage!
You slash the lemure! You hit the lemure but do no damage.
The lemure hits you but does no damage. The lemure hits you.
Your life force feels restored.
Your Axes skill increases to level 8!
You miss the lemure.
The lemure is severely wounded.
You hit the lemure. You hit the lemure but do no damage. The lemure hits you.
The lemure closely misses you. The lemure misses you.
Unknown command.
You barely miss the lemure.
The lemure is severely wounded.
You hit the lemure. You miss the lemure. The lemure barely misses you.
The lemure hits you.
* * * LOW HITPOINT WARNING * * *
You block the lemure's attack.
Unknown command.
You hit the lemure but do no damage.
The lemure is severely wounded.
You hit the lemure. You barely miss the lemure.
The lemure hits you but does no damage. The lemure hits you!
* * * LOW HITPOINT WARNING * * *
The lemure hits you but does no damage. The lemure closely misses you.
You block the lemure's attack. The lemure hits you.
You die...

. ######### ###.# .....#
......... ..#.##.....
......### #.#.##....
...<....# #.#.##...#
......#.## #.#.##...#
####.....# #.#.##...#
####.....####...##...####.
...............5@5........
#######.######.5##...####
# #.# #............#
############.##.........#
........................#
#..#####P.P.....#########
#..#...#######..#######
#..).(.#..#(.#..#.....#
#..#####..#..#........#


You could see 3 lemures.

Vanquished Creatures
  A necrophage (D:4)
  A water moccasin skeleton (D:4)
  2 jellies
  2 orc priests
  An orc wizard (D:3)
  5 adders
  A shadow imp (D:3)
  An adder skeleton (D:4)
  A worm (D:2)
  A dart slug (D:4)
  9 orcs
  8 ball pythons
  4 bats
  7 endoplasms
  2 giant cockroaches (D:4)
  9 goblins
  2 hobgoblins
  4 jackals
  9 kobolds
  3 quokkas
  2 frilled lizards
  6 rats
81 creatures vanquished.

Notes
Turn   | Place    | Note
-------+----------+-------------------------------------------
     0 | D:1      | safid the Hill Orc Fighter began the quest for the Orb.
     0 | D:1      | Reached XP level 1. HP: 19/19 MP: 1/1
   197 | D:1      | Reached skill level 3 in Axes
   197 | D:1      | Reached XP level 2. HP: 24/27 MP: 2/2
   654 | D:1      | Reached XP level 3. HP: 33/33 MP: 3/3
   851 | D:1      | Found a faded altar of an unknown god.
  1873 | D:2      | Reached XP level 4. HP: 22/40 MP: 4/4
  2068 | D:2      | Got the Catalogue of the Glacier and Execration
  2300 | D:3      | Found a stormy altar of Qazlal.
  2342 | D:3      | Reached skill level 4 in Axes
  2509 | D:3      | Reached skill level 5 in Axes
  2509 | D:3      | Reached XP level 5. HP: 37/46 MP: 5/5
  2648 | D:3      | Reached skill level 6 in Axes
  2879 | D:3      | Found Hyir's Magic Scroll Shop.
  2888 | D:3      | Bought a scroll of identify for 28 gold pieces
  2888 | D:3      | Bought a scroll of identify for 28 gold pieces
  2888 | D:3      | Bought a scroll of identify for 28 gold pieces
  2888 | D:3      | Bought a scroll of identify for 28 gold pieces
  2888 | D:3      | Bought a scroll of noise for 14 gold pieces
  3310 | D:4      | Reached XP level 6. HP: 52/52 MP: 6/6
  3315 | D:4      | Reached skill level 7 in Axes
  3739 | D:4      | Noticed a necrophage
  3755 | D:4      | Killed a necrophage
  3756 | D:4      | Reached skill level 8 in Axes
  3758 | D:4      | Slain by a lemure

Illustrated notes

Levels and vault maps discovered:
D:1:      heliophobic_arrival_enchanted_forest, layout_basic,
          shapermc_ecumenical_altar_petra, minmay_tromino_v4_b
D:2:      layout_basic
D:3:      layout_basic, mainiacjoe_overflow_brackets, serial_shops,
          nicolae_shop_stone
D:4:      corexii_shack_village, layout_basic, demons_altar, kennysheep_nub,
          uniq_pikel

Skill      XL: |  1  2  3  4  5  6 |
---------------+-------------------+-----
Axes           | 3 5 6 8 |  8.5
Fighting       | 4 |  4.0
Armour         | 4 |  4.0
Shields        | 4 |  4.0

Action                   |  1- 3 |  4- 6 || total
-------------------------+-------+-------++-------
Melee: War axe           |   110 |   115 ||   225
Armor: Scale mail        |    53 |    35 ||    88
Dodge: Dodged            |    55 |    49 ||   104
Block: Buckler           |    33 |    29 ||    62
